Match 37289213
Unlisted

Match 37289213
End
Scout Squad
Scout Squad
Construct Weapon Support Center
Selects Airborne Battlegroup
Selects Pathfinders
M1919 Machine Gun Team
Engineer Squad
Infantry Support Center
Construct Medical Station
Selects Paratrooper Squad Paradrop
M1919 Machine Gun Team
M3 Armored Personnel Carrier
M3 Armored Personnel Carrier
Selects Anti-tank Gun Team Paradrop
Bazooka Squad
Selects Recon Loiter
Paratrooper Squad Paradrop
Construct Motor Pool
Selects Paradrop Reinforcements
Selects Supply Drop
M8 Greyhound Armored Car
Selects Dual P-47 Rocket Strike
Construct Tank Depot
jdnebel
GemesBong
0
0

Comments sign in to comment!

No comments posted yet!